 Dungeon Crawl Stone Soup version 0.29.1-15-g9cfb28693d (webtiles) character file.

Game seed: 12173412864560233160

508 croobank the Sneak (level 7, -2/45 HPs)
             Began as an Octopode Fire Elementalist on Apr 7, 2023.
             Killed by divine providence
             ... invoked by an orc priest
              (10 damage)
             ... on level 4 of the Dungeon.
             The game lasted 00:08:57 (4216 turns).

croobank the Sneak (Octopode Fire Elementalist)     Turns: 4216, Time: 00:08:58

Health: -2/45      AC:  1    Str:  8    XL:     7   Next: 18%
Magic:  3/11       EV: 13    Int: 19    God:
Gold:   185        SH:  5    Dex: 12    Spells: 6/12 levels left

rFire   . . .      SeeInvis .   e - +1 dagger
rCold   . . .      Faith    .   (no shield)
rNeg    . . .      Spirit   .   (helmet restricted)
rPois   .          Reflect  +   o - amulet of reflection
rElec   .          Harm     .   (no ring)
rCorr   .          Rampage  .   (no ring)
Will    .....                   (no ring)
Stlth   ++++......              (no ring)
HPRegen 0.15/turn               (no ring)
MPRegen 0.12/turn               (no ring)
                                (no ring)
                                (no ring)

@: no status effects
A: almost no armour, amphibious, 8 rings, camouflage 1, gelatinous body 1,
(nimble swimmer 1), tentacles
a: no special abilities


You were on level 4 of the Dungeon.
You visited 1 branch of the dungeon, and saw 4 of its levels.

You collected 185 gold pieces.

Inventory:

Hand Weapons
 d - a +0 spear
 e - a +1 dagger (weapon)
 g - a +0 war axe
Missiles
 i - 8 poisoned darts (quivered)
 m - 4 curare-tipped darts
Armour
 c - a +1 buckler
Jewellery
 o - an amulet of reflection (around mantle)
 y - the ring of the Solstice {rF- Will++ EV+4}
   (You found it on level 3 of the Dungeon)

   [ring of evasion]

   EV:        It affects your evasion (+4).
   rF:        It makes you vulnerable to fire.
   Will:      It greatly increases your willpower.
Scrolls
 b - 2 scrolls of enchant armour
 f - 2 scrolls of butterflies
 h - 2 scrolls of magic mapping
 p - a scroll of acquirement
 t - a scroll of teleportation
Potions
 a - a potion of magic
 j - a potion of brilliance {unknown}
 k - a potion of ambrosia {unknown}
 q - 2 potions of heal wounds
 r - a potion of flight
 s - a potion of lignification {unknown}
 v - 4 potions of mutation {unknown}
 x - a potion of curing {unknown}
 A - a potion of degeneration {unknown}


   Skills:
 + Level 2.3 Fighting
 + Level 3.2 Dodging
 + Level 4.8 Stealth
 + Level 2.4 Shields
 + Level 3.1 Spellcasting
 + Level 2.9 Conjurations
 + Level 0.1 Hexes
 + Level 4.0 Fire Magic


You had 6 spell levels left.
You knew the following spells:

 Your Spells              Type           Power      Damage    Failure   Level
a - Foxfire               Conj/Fire      64%        2x1d7     3%          1
b - Scorch                Fire           36%        2d6       4%          2
c - Inner Flame           Hex/Fire       10%        N/A       19%         3

Your spell library contained the following spells:

 Spells                   Type           Power      Damage    Failure   Level
 Conjure Flame            Conj/Fire      16%        6-21      11%         3
 Slow                     Hex            12%        N/A       14%         1
 Flame Wave               Conj/Fire      16%        2d7       34%         4
 Confusing Touch          Hex            3%         N/A       41%         3
 Gell's Gravitas          Tloc           3%         N/A       41%         3
 Lesser Beckoning         Tloc           3%         N/A       41%         3
 Teleport Other           Tloc           3%         N/A       41%         3
 Vampiric Draining        Necr           3%         2d6       41%         3


Dungeon Overview and Level Annotations

Branches:
Dungeon (4/15)
 Temple: D:4-7

Altars:
Elyvilon
Sif Muna


Innate Abilities, Weirdness & Mutations

You cannot wear most types of armour.
You are amphibious.
You can wear up to eight rings at the same time.
Your skin changes colour to match your surroundings (Stealth+).
Your rubbery body absorbs attacks. (AC +1, EV +1)
((You are camouflaged when in or above water. (Stealth+)))
You have tentacles for arms and can constrict up to eight enemies at once.


Message History

You kill the orc!
An orc priest comes into view. It is wielding a +0 mace.
The foxfire hits the gnoll.
The gnoll is moderately wounded.
Casting: Foxfire (safe; 3% risk of failure)
Confirm with . or Enter, or press ? or * to list all spells.
You conjure some foxfire!
The foxfire hits the gnoll.
The gnoll is heavily wounded.
The orc priest invokes the aid of Beogh against you.
Beogh smites you!
Casting: Foxfire (safe; 3% risk of failure)
Confirm with . or Enter, or press ? or * to list all spells.
You conjure some foxfire!
The foxfire hits the gnoll.
The gnoll is almost dead.
The foxfire hits the gnoll.
You kill the gnoll!
The orc priest mumbles some strange prayers to Beogh against you.
Beogh smites you!
Your Fire Magic skill increases to level 4!
What are your orders? t - Shout!
Orders for allies: a - Attack new target. r - Retreat! s - Stop attacking. g - Guard the area. f - Follow me.
Anything else - Cancel.
Gang up on whom?
Press: ? - help, Dir - move target, f - orc priest
Aim: an orc priest, wielding a +0 mace (ally target) Attack!
A gnoll comes into view. It is wielding a +0 spear.
The foxfire hits the orc priest.
The orc priest is heavily wounded.
The foxfire hits the orc priest.
The orc priest is severely wounded.
The orc priest calls down the wrath of Beogh upon you.
Beogh smites you!
* * * LOW HITPOINT WARNING * * *
The orc priest mumbles some strange prayers to Beogh against you.
Beogh smites you!
You die...

.)#...# #.# g.o..# #.#
.#..# #.# ## #.).# #.#
..###)..#############.##
..# .........
.............. ..#
.§......# #######.######
..# .§...P..# #.# ..#
§≈.....@# #.# ..##
≈≈..PP..#########.# ...
§.................# ..#
.....P..########### ..#
.PP.....# ..# ..P.PP..#
..# ........#
>.####............
.........######.##


You could see an orc priest and a gnoll.

Vanquished Creatures
  Grinder (D:3)
  A black bear (D:4)
  A scorpion (D:4)
  2 iguanas (D:4)
  A gnoll (D:4)
  5 adders
  A worm (D:3)
  A dart slug (D:1)
  3 orcs
  2 endoplasms
  4 giant cockroaches
  4 goblins
  2 hobgoblins
  4 jackals (D:2)
  2 quokkas
  4 ball pythons
  5 bats
  5 frilled lizards
  3 kobolds
  2 rats
53 creatures vanquished.

Vanquished Creatures (collateral kills)
  A foxfire (D:4)
1 creature vanquished.

Vanquished Creatures (others)
  119 foxfires
  15 fungi (D:4)
134 creatures vanquished.

Grand Total: 188 creatures vanquished

Notes
Turn   | Place    | Note
-------+----------+-------------------------------------------
     0 | D:1      | croobank the Octopode Fire Elementalist began the quest for
                  | the Orb.
     0 | D:1      | Reached XP level 1. HP: 11/11 MP: 3/3
   461 | D:1      | Reached XP level 2. HP: 12/17 MP: 3/5
   562 | D:1      | Learned a level 2 spell: Scorch
   893 | D:2      | Found a shimmering blue altar of Sif Muna.
   961 | D:2      | Reached XP level 3. HP: 22/22 MP: 0/6
  1499 | D:2      | Reached skill level 1 in Shields
  1605 | D:2      | Reached XP level 4. HP: 27/27 MP: 3/7
  1729 | D:2      | Reached skill level 1 in Fighting
  1945 | D:2      | Found a faded altar of an unknown god.
  2425 | D:3      | Noticed Grinder
  2438 | D:3      | Killed Grinder
  2439 | D:3      | Reached XP level 5. HP: 22/34 MP: 0/9
  2439 | D:3      | Reached XP level 6. HP: 26/39 MP: 0/10
  2699 | D:3      | Identified the ring of the Solstice {rF- Will++ EV+4}
  2976 | D:3      | Found a white marble altar of Elyvilon.
  3343 | D:3      | Identified a scroll of acquirement
  3972 | D:4      | Noticed a black bear
  3976 | D:4      | Killed a black bear
  3977 | D:4      | Reached XP level 7. HP: 34/45 MP: 6/11
  4201 | D:4      | Learned a level 3 spell: Inner Flame
  4216 | D:4      | Killed from afar by an orc priest

Illustrated notes

Levels and vault maps discovered:
D:1:      dpeg_arrival_arbitrary_b, layout_basic, chequers_hall_statues_wall_a,
          grunt_decor_resistance, minmay_strange_pillars
D:2:      layout_basic, basic_altar, shapermc_ecumenical_altar_petra,
          nrook_mini_vaults
D:3:      layout_basic, nicolae_elyvilon_temple_path, uniq_grinder
D:4:      layout_loops_ring, mainiacjoe_overflow_chevrons

Skill      XL: |  1  2  3  4  5  6  7 |
---------------+----------------------+-----
Stealth        | 3 4 |  4.8
Shields        | 1 2 |  2.4
Fighting       | 1 2 |  2.3
Conjurations   | 2 |  2.9
Dodging        | 3 |  3.2
Spellcasting   | 3 |  3.1
Fire Magic     | 4 |  4.0
Hexes          | |  0.1

Action                   |  1- 3 |  4- 6 |  7- 9 || total
-------------------------+-------+-------+-------++-------
Melee: Unarmed           |     2 |    20 |       ||    22
       Constrict         |     2 |     4 |       ||     6
       Tentacles         |     1 |     5 |       ||     6
       Punch             |       |     1 |       ||     1
       Dagger            |       |     1 |       ||     1
 Cast: Foxfire           |    33 |    25 |    10 ||    68
       Scorch            |    10 |    20 |     3 ||    33
  Use: Scroll            |       |    14 |       ||    14
 Stab: Sleeping          |       |     1 |       ||     1
Armor: Skin              |     1 |       |       ||     1
Dodge: Dodged            |     3 |    11 |       ||    14
Block: Other             |       |     6 |       ||     6
